 Dungeon Crawl Stone Soup version 0.27.1-33-g824d729ab1 (webtiles) character file.

Game seed: 10889599918843998418

66 tkbsonic5 the Skirmisher (level 3, -1/33 HPs)
             Began as a Palentonga Monk on Nov 28, 2021.
             Killed from afar by Ijyb (4 damage)
             ... with a puff of flame
             ... on level 3 of the Dungeon.
             The game lasted 00:04:17 (2417 turns).

tkbsonic5 the Skirmisher (Palentonga Monk)          Turns: 2417, Time: 00:04:17

Health: -1/33      AC:  5    Str: 15    XL:     3   Next: 96%
Magic:  3/3        EV:  9    Int: 10    God:
Gold:   89         SH:  0    Dex: 12    Spells: 2/2 levels left

rFire    . . .     SeeInvis +   a - +0 hand axe
rCold    . . .     Faith    .   (no shield)
rNeg     . . .     Spirit   .   l - +0 ring mail
rPois    +         Reflect  .   (no helmet)
rElec    .         Harm     .   (no cloak)
rCorr    .         Rampage  .   (no gloves)
Will     .....                  (no barding)
Stlth    +.........             (no amulet)
HPRegen  0.11/turn              g - ring of poison resistance
MPRegen  0.08/turn              (no ring)

@: no status effects
A: large, rugged brown scales 3, see invisible, deformed body, roll 1, armoured
tail
a: Rolling Charge


You were on level 3 of the Dungeon.
You visited 1 branch of the dungeon, and saw 3 of its levels.

You collected 89 gold pieces.

Inventory:

Hand Weapons
 a - a +0 hand axe (weapon)
 n - a +0 hand axe
Missiles
 c - 57 arrows
 f - 8 boomerangs
 i - 19 sling bullets
 o - 58 bolts
Armour
 b - a +0 robe
 l - a +0 ring mail (worn)
Magical Staves
 k - a staff of poison
Jewellery
 g - a ring of poison resistance (left hand)
 q - a ring of ice
Scrolls
 d - 2 scrolls of identify {unknown}
 h - a scroll of silence {unknown}
 j - a scroll of blinking {unknown}
 m - 2 scrolls of magic mapping {unknown}
 p - a scroll of torment {unknown}


   Skills:
 * Level 4.3 Fighting
 + Level 3.6 Axes
 - Level 2.4 Dodging
 - Level 1.2 Stealth


You had 2 spell levels left.
You didn't know any spells.
Your spell library was empty.

Dungeon Overview and Level Annotations

Branches:
Dungeon (3/15)

Altars:

Annotations:
D:3 Ijyb


Innate Abilities, Weirdness & Mutations

You are completely covered in rugged brown scales. (AC +3, +7% HP)
You have supernaturally acute eyesight. (SInv)
Armour fits poorly on your strangely shaped body.
You can roll at nearby foes to attack.
You have a long armoured tail.


Message History

You hit the giant cockroach but do no damage.
The giant cockroach bites you but does no damage.
You barely miss the giant cockroach.
The giant cockroach bites you but does no damage. x2
Your ring mail prevents you from hitting the giant cockroach.
The giant cockroach closely misses you.
You hit the giant cockroach. You tail-slap the giant cockroach.
You kill the giant cockroach!
You see here a giant cockroach corpse.
Found an escape hatch in the ceiling.
A quokka comes into view.
A quokka is nearby!
Ijyb the Twisted Goblin comes into view.
She is wielding a +0 club and carrying a wand of flame (17).
Ijyb zaps a wand.
The puff of flame hits you. The quokka closely misses you.
You see here a ring of ice.
q - a ring of ice The quokka bites you.
You closely miss the quokka.
The quokka twitches its whiskers.
The quokka closely misses you.
Ijyb zaps a wand.
The puff of flame hits you.
You hit the quokka but do no damage.
Your tail-slap misses the quokka.
The quokka bites you.
You hit Ijyb. You tail-slap Ijyb!
Ijyb is moderately wounded.
You hit the quokka but do no damage. The quokka bites you.
Ijyb zaps a wand.
The puff of flame hits you!
* * * LOW HITPOINT WARNING * * *
The quokka bites you.
* * * LOW HITPOINT WARNING * * *
It was a potion of magic.
Magic courses through your body. Ijyb hits you with a +0 club.
* * * LOW HITPOINT WARNING * * *
The quokka barely misses you.
You closely miss Ijyb. You tail-slap Ijyb!
Ijyb is heavily wounded.
Your ring mail prevents you from hitting the quokka.
Ijyb screams, "Level is mine!
All mine!"
Ijyb zaps a wand.
The puff of flame hits you.
You die...

. #............ ..
#........... ..
#..........# ##
...........# ..
#..........# .# ###
...........# ...
... ......rg...#
#.# .. #....<.@...#
#..# #.#
#..........####..#
#..
###..###..###...#
### ##....#.....#
#### ####.####..###
##...
#.#####...####....
#....†..#.........
#....#########.....
#... #.....


You could see Ijyb and a quokka.

Vanquished Creatures
  2 adders (D:2)
  2 worms (D:2)
  3 ball pythons
  2 endoplasms
  3 giant cockroaches
  7 goblins
  2 hobgoblins (D:1)
  2 jackals (D:2)
  3 kobolds
  2 quokkas
  4 bats
  2 frilled lizards (D:1)
  4 rats
38 creatures vanquished.

Notes
Turn   | Place    | Note
-------+----------+-------------------------------------------
     0 | D:1      | tkbsonic5 the Palentonga Monk began the quest for the Orb.
     0 | D:1      | Reached XP level 1. HP: 19/19 MP: 1/1
   493 | D:1      | Reached XP level 2. HP: 22/25 MP: 2/2
  1377 | D:2      | Reached XP level 3. HP: 19/32 MP: 3/3
  1383 | D:2      | Reached skill level 4 in Fighting
  1586 | D:2      | Found a faded altar of an unknown god.
  2409 | D:3      | Noticed Ijyb
  2417 | D:3      | Killed from afar by Ijyb

Illustrated notes

Levels and vault maps discovered:
D:1:      dpeg_arrival_boxorama, layout_loops_corners,
          minmay_misc_feat_diagonals
D:2:      layout_loops_ring, shapermc_ecumenical_altar_pompeii
D:3:      layout_rooms, gammafunk_ghost_split, minmay_misc_feat_alley,
          uniq_ijyb, uniq_terence

Skill      XL: |  1  2  3 |
---------------+----------+-----
Fighting       | 4 |  4.3
Axes           | |  3.6
Dodging        | |  2.4
Stealth        | |  1.2

Action                   || total
-------------------------++-------
Melee: Hand axe          ||   117
       Tailslap          ||    15
 Abil: Rolling Charge    ||    12
  Use: Potion            ||     1
 Stab: Sleeping          ||     1
Armor: Robe              ||    34
       Ring mail         ||    13
Dodge: Dodged            ||    57
